AoeStats
← cerry987

Arabia

510278058Analyzed
1v1 RM · 2d ago on Sep 30, 2026· 53m 14s· 2 players
Game mode
Random Map
Map size
Tiny (2 player)
Population
200
Speed
Normal
Resources
Standard
Victory
Conquest
Starting age
Dark Age
Ending age
Imperial Age
RankedLock teamsTeams togetherTeam positionsShared explorationLock speedFull tech treeHidden civsTurbo modeCheats
Victory
Defeat
🇦🇺 Franks · Australia
663
+17
🇯🇵 Goths · Japan
687
-17
cerry987
11:43 Feudal Age
17:27 Castle Age
16:06 Double-Bit Axe
18:25 Scale Barding Armor
22:39 Scale Mail Armor
22:58 Forging
27:11 Bow Saw
27:29 Gold Mining
28:23 Wheelbarrow
27:44 Town Watch
29:16 Stone Mining
29:36 Scale Mail Armor
30:52 Town Patrol
31:08 Hand Cart
31:21 Husbandry
32:32 Iron Casting
35:49 Gold Shaft Mining
35:49 Loom
36:28 Chain Barding Armor
36:24 Chain Mail Armor
40:25 Imperial Age
40:38 Elite Throwing Axeman
40:58 Cavalier
43:44 Paladin
45:04 Plate Barding Armor
44:59 Plate Mail Armor
45:31 Blast Furnace
49:36 Chivalry
49:29 Fletching
49:40 Padded Archer Armor
PrincessLamb444
1:44 Loom
15:27 Feudal Age
16:00 Man-at-Arms
25:54 Castle Age
25:24 Double-Bit Axe
32:34 Wheelbarrow
32:46 Bow Saw
33:35 Stone Mining
35:03 Pikeman
35:43 Squires
35:24 Long Swordsman
37:05 Gold Mining
41:53 Imperial Age
39:52 Horse Collar
42:17 Two-Handed Swordsman
43:20 Forging
45:20 Perfusion
46:51 Halberdier
Connection lost

Rejoining the realm…

Still unreachable

The connection could not be restored.

Session expired

The server has moved on; the page needs a fresh start.